 Dungeon Crawl Stone Soup version 0.23.2-11-gf996548c65 (webtiles) character file.

Game seed: 4542077402076283243

5998 Nattfarinn the Spear-Bearer (level 10, -8/94 HPs)
             Began as a Minotaur Fighter on June 4, 2019.
             Was a Priest of Okawaru.
             Killed from afar by Erolcha (17 damage)
             ... with a bolt of cold
             ... on level 9 of the Dungeon.
             The game lasted 00:13:57 (10036 turns).

Nattfarinn the Spear-Bearer (Minotaur Fighter)     Turns: 10036, Time: 00:13:57

Health: -8/94      AC: 11    Str: 22    XL:     10   Next: 55%
Magic:  9/9        EV:  7    Int:  5    God:    Okawaru [***...]
Gold:   563        SH: 10    Dex: 16    Spells: 9/9 levels left

rFire    . . .     SeeInvis .   a - +0 trident
rCold    . . .     Gourm    .   c - +0 shield
rNeg     . . .     Faith    .   b - +0 scale mail
rPois    .         Spirit   .   (helmet restricted)
rElec    .         Reflect  .   (no cloak)
rCorr    .         Harm     .   (no gloves)
MR       .....                  m - +1 pair of boots
Stlth    ..........             (no amulet)
HPRegen  0.25/turn              A - +4 ring of dexterity
MPRegen  0.11/turn              I - ring of wizardry

@: no status effects
A: retaliatory headbutt, horns 2
a: Heroism, Renounce Religion


You were on level 9 of the Dungeon.
You worshipped Okawaru.
Okawaru was most pleased with you.
You were not hungry.

You visited 2 branches of the dungeon, and saw 10 of its levels.
You also visited: Sewer and Ossuary.

You collected 563 gold pieces.

Inventory:

Hand Weapons
 a - a +0 trident (weapon)
Armour
 b - a +0 scale mail (worn)
 c - a +0 shield (worn)
 m - a +1 pair of boots (worn)
Jewellery
 x - an uncursed ring of protection from cold
 A - a +4 ring of dexterity (left hand)
 I - a ring of wizardry (right hand)
Wands
 y - a wand of disintegration (8)
 H - a wand of acid (12)
Scrolls
 e - 2 scrolls of noise {unknown}
 g - 12 scrolls of identify {unknown}
 h - 6 scrolls of teleportation {unknown}
 j - 2 scrolls of blinking {unknown}
 o - 5 scrolls of remove curse {unknown}
 t - a scroll of fog {unknown}
 u - a scroll of fear {unknown}
 z - 3 scrolls of enchant weapon {unknown}
 B - 3 scrolls of enchant armour {unknown}
 C - a scroll of acquirement {unknown}
 F - a scroll of silence {unknown}
Potions
 d - 2 potions of might
 i - 4 potions of curing {unknown}
 k - 5 potions of agility {unknown}
 l - a potion of magic {unknown}
 n - a potion of experience {unknown}
 p - 2 potions of lignification {unknown}
 q - a potion of degeneration {unknown}
 r - 2 potions of cancellation {unknown}
 s - a potion of heal wounds {unknown}
 v - a potion of resistance {unknown}
 w - 2 potions of berserk rage {unknown}
 D - 2 potions of brilliance {unknown}
 E - a potion of haste {unknown}
 G - 2 potions of flight {unknown}
 J - a potion of ambrosia {unknown}
Comestibles
 f - 18 rations
 K - 4 chunks of flesh


   Skills:
 + Level 10.6 Fighting
 * Level 12.6 Polearms
 + Level 10.6 Armour
 - Level 3.6 Shields


You had 9 spell levels left.
You didn't know any spells.
Your spell library was empty.

Dungeon Overview and Level Annotations

Branches:
Dungeon (9/15)             Temple (1/1) D:6
   Lair: D:8-11         Orc: D:9-12

Altars:
Ashenzari
Dithmenos
Elyvilon
Fedhas
Gozag
Kikubaaqudgha
Makhleb
Nemelex Xobeh
Okawaru
Qazlal
Ru
Sif Muna
Xom
Zin

Shops:
D:6 [

Annotations:
D:9 Erolcha


Innate Abilities, Weirdness & Mutations

You reflexively headbutt those who attack you in melee.
You have a pair of horns on your head.


Message History

You hit Erolcha. You headbutt Erolcha!
Erolcha is heavily wounded.
Erolcha hits you with a +0 giant club.
You hit Erolcha.
Erolcha is severely wounded.
You block Erolcha's attack.
You hit Erolcha but do no damage.
Erolcha is severely wounded.
Erolcha casts a spell at you. The crystal spear hits you!!!
Ouch! That really hurt!
* * * LOW HITPOINT WARNING * * *
You barely miss Erolcha.
Erolcha is severely wounded.
You block Erolcha's attack.
You puncture Erolcha! Your headbutt misses Erolcha.
Erolcha is almost dead.
Erolcha points at you and mumbles some strange words.
The bolt of cold hits you!
You die...

....#..........#....#.......#
###.#§#....#...#....#...#####
#.§§#....#...#....#####
#8.§#....#...#....#
#..§#....#........#
#.§§#....#..(.....# ..
##########...######...
......................
...............@O......
.....##.........<......
P.P...........#..######
.P.P..........####§§§§§§
P...P.........#..#§§§§§§
.P.P.P........#..#§§§§§§
##..P.)######..#§§§§§§
+....P........######§
#P.P.............._#8


You could see Erolcha.

Vanquished Creatures
  A two-headed ogre (D:8)
  2 hornets
  A hippogriff (D:8)
  3 wraiths (D:7)
  2 soldier ants (D:8)
  A water moccasin (D:4)
  2 orc warriors
  A sky beast (D:8)
  A phantom (D:4)
  A black bear (D:9)
  2 ogres
  2 centaurs
  A crocodile (D:7)
  6 big kobolds (Sewer)
  4 bullfrogs
  2 elf skeletons (D:7)
  A gnoll sergeant (D:8)
  2 scorpions
  4 wights (D:7)
  3 howler monkeys
  3 crimson imps
  A centaur zombie (D:6)
  A jelly (D:9)
  A quasit (D:8)
  6 hounds
  4 orc priests
  A bullfrog skeleton (D:6)
  6 human zombies (D:7)
  8 orc wizards
  Jessica (D:3)
  2 human skeletons (D:7)
  10 worker ants
  2 killer bee zombies
  7 big kobold zombies (Ossuary)
  2 hound skeletons
  A mummy (Ossuary)
  14 gnolls
  9 adders
  4 river rats
  A shadow imp (D:8)
  7 oozes
  An adder skeleton (D:7)
  2 adder zombies
  6 worms
  3 dart slugs
  7 leopard geckos
  30 orcs
  A spectral bat (Ossuary)
  6 ball pythons
  4 bats
  8 giant cockroaches
  5 gnoll zombies (Ossuary)
  4 goblins
  2 hobgoblins (D:1)
  7 jackals
  5 quokkas
  5 bat simulacra (Ossuary)
  3 frilled lizards
  A goblin simulacrum (Ossuary)
  2 goblin zombies (Ossuary)
  4 hobgoblin zombies (Ossuary)
  15 kobolds
  2 kobold simulacra (Ossuary)
  7 kobold zombies (Ossuary)
  2 leopard gecko skeletons
  An orc skeleton (D:7)
  5 orc zombies (Ossuary)
  A quokka zombie (D:8)
  12 rats
  3 rat simulacra (Ossuary)
  4 spectral goblins (Ossuary)
  3 spectral kobolds (Ossuary)
  3 spectral rats (Ossuary)
297 creatures vanquished.

Notes
Turn   | Place    | Note
-------+----------+-------------------------------------------
     0 | D:1      | Nattfarinn the Minotaur Fighter began the quest for the
                  | Orb.
     0 | D:1      | Reached XP level 1. HP: 19/19 MP: 0/0
   228 | D:1      | Reached XP level 2. HP: 18/27 MP: 1/1
   584 | D:2      | Reached skill level 3 in Polearms
   686 | D:2      | Reached XP level 3. HP: 31/33 MP: 2/2
  1061 | D:2      | Reached XP level 4. HP: 38/41 MP: 3/3
  1594 | D:3      | Reached skill level 5 in Fighting
  1594 | D:3      | Reached skill level 4 in Polearms
  1594 | D:3      | Reached skill level 5 in Armour
  1594 | D:3      | Reached XP level 5. HP: 48/48 MP: 4/4
  1702 | D:3      | Found a white marble altar of Elyvilon.
  1753 | D:3      | Noticed Jessica
  1760 | D:3      | Killed Jessica
  1763 | D:3      | Found a deep blue altar of Sif Muna.
  1985 | D:3      | Found a glowing drain.
  1990 | Sewer    | Entered a sewer
  2021 | Sewer    | Reached skill level 5 in Polearms
  2021 | Sewer    | Reached XP level 6. HP: 38/57 MP: 5/5
  2896 | Sewer    | Reached XP level 7. HP: 63/63 MP: 6/6
  2985 | Sewer    | Reached skill level 6 in Polearms
  3841 | D:4      | Reached XP level 8. HP: 64/73 MP: 7/7
  4050 | D:4      | Reached skill level 7 in Polearms
  4309 | D:5      | Entered Level 5 of the Dungeon
  4644 | D:5      | Reached skill level 8 in Polearms
  5572 | D:6      | Found a staircase to the Ecumenical Temple.
  5581 | Temple   | Entered the Ecumenical Temple
  5614 | Temple   | Became a worshipper of Warmaster Okawaru
  5650 | D:6      | Reached skill level 9 in Polearms
  5841 | D:6      | Found Vighits's Antique Armour Boutique.
  6038 | D:7      | Noticed a hornet
  6045 | D:6      | Paralysed by a hornet for 1 turns
  6048 | D:6      | Reached XP level 9. HP: 45/82 MP: 8/8
  6386 | D:7      | Reached skill level 10 in Polearms
  6447 | D:7      | Found a sand-covered staircase.
  6453 | D:7      | Reached * piety under Okawaru
  6461 | Ossuary  | Entered an ossuary
  7273 | D:7      | Reached skill level 11 in Polearms
  7343 | D:7      | Found an ancient bone altar of Kikubaaqudgha.
  7384 | D:7      | Reached ** piety under Okawaru
  7517 | D:7      | Found a sparkling altar of Nemelex Xobeh.
  7732 | D:7      | Found a sacrificial altar of Ru.
  8060 | D:7      | Reached XP level 10. HP: 65/93 MP: 9/9
  8411 | D:8      | Reached skill level 10 in Fighting
  8411 | D:8      | Reached skill level 10 in Armour
  8601 | D:8      | Found a sacrificial altar of Ru.
  8657 | D:8      | Reached skill level 12 in Polearms
  8788 | D:8      | Noticed a two-headed ogre
  8799 | D:8      | Killed a two-headed ogre
  8799 | D:8      | Reached *** piety under Okawaru
  9924 | D:9      | Found a stormy altar of Qazlal.
 10024 | D:9      | Noticed Erolcha
 10036 | D:9      | Killed from afar by Erolcha

Skill      XL: |  1  2  3  4  5  6  7  8  9 10 |
---------------+-------------------------------+-----
Armour         | 4 5 6 7 8 9 10 | 10.6
Fighting       | 4 5 6 7 8 9 10 | 10.6
Polearms       | 3 4 5 6 9 11 12 | 12.6
Shields        | |  3.6

Action                   |  1- 3 |  4- 6 |  7- 9 | 10-12 || total
-------------------------+-------+-------+-------+-------++-------
Melee: Trident           |    83 |   205 |   627 |   163 ||  1078
       Headbutt          |     7 |    33 |   144 |    32 ||   216
  Eat: Chunk             |     1 |     5 |    15 |     6 ||    27
       Ration            |       |       |     1 |       ||     1
Armor: Scale mail        |    20 |    62 |   182 |    31 ||   295
Dodge: Dodged            |    17 |    49 |   120 |    21 ||   207
Block: Shield            |    28 |    82 |   242 |    51 ||   403
